 Dungeon Crawl Stone Soup version 0.20.1-1-g8b1a95d66d (webtiles) character file.

233 Jynx the Changer (level 5, -10/42 HPs)
             Began as a Draconian Transmuter on Dec 30, 2017.
             Mangled by an ogre
             ... wielding a +0 giant spiked club
              (20 damage)
             ... on level 4 of the Dungeon.
             The game lasted 00:05:23 (3606 turns).

Jynx the Changer (Draconian Transmuter)             Turns: 3606, Time: 00:05:23

Health: -10/42     AC:  5    Str: 12    XL:     5   Next: 74%
Magic:  6/9        EV: 12    Int: 13    God:
Gold:   196        SH:  0    Dex: 13    Spells: 3/9 levels left

rFire    . . .     SeeInvis .     - Unarmed
rCold    . . .     Gourm    .   (no shield)
rNeg     + . .     Faith    .   (armour unavailable)
rPois    .         Spirit   .   (helmet restricted)
rElec    .         Reflect  .   (no cloak)
rCorr    .         Harm     .   (no gloves)
MR       +....                  (no boots)
Stlth    +.........             (no amulet)
Regen    0.2/turn               m - ring of protection from magic
MPRegen  0.2/turn               d - ring of positive energy

@: no status effects
A: unfitting armour, cold-blooded, AC +5
a: no special abilities


You were on level 4 of the Dungeon.
You were hungry.

You visited 1 branch of the dungeon, and saw 4 of its levels.

You collected 196 gold pieces.

Inventory:

Missiles
 a - 27 arrows
Jewellery
 d - a ring of positive energy (right hand)
 m - a ring of protection from magic (left hand)
Scrolls
 e - a scroll of remove curse {unknown}
 k - a scroll of teleportation {unknown}
 l - a scroll of fog {unknown}
Potions
 i - a potion of haste {unknown}
 j - a potion of mutation {unknown}
 n - a potion of brilliance {unknown}
Books
 b - a book of Changes

   Spells                             Type                      Level
   a - Beastly Appendage              Transmutation                1
   b - Sticks to Snakes               Transmutation                2
   c - Spider Form                    Transmutation/Poison         3
   d - Ice Form                       Ice/Transmutation            4
   e - Blade Hands                    Transmutation                5
Comestibles
 c - 5 bread rations
 f - a royal jelly
 g - 8 fruits
 h - a meat ration


   Skills:
 + Level 2.3 Fighting
 - Level 1.7 Dodging
 + Level 3.6 Unarmed Combat
 + Level 2.9 Spellcasting
 * Level 4.3 Transmutations
 + Level 1.6 Poison Magic


You had 3 spell levels left.
You knew the following spells:

 Your Spells              Type           Power        Failure   Level  Hunger
a - Beastly Appendage     Tmut           ##....       4%          1    #......
b - Sticks to Snakes      Tmut           ##......     6%          2    ###....
c - Spider Form           Tmut/Pois      #.........   21%         3    ###....


Dungeon Overview and Level Annotations

Branches:
Dungeon (4/15)
 Temple: D:4-7

Altars:

Annotations:
D:2 Terence


Innate Abilities, Weirdness & Mutations

Your plain brown scales are hard. (AC +5)
You cannot fit into any form of body armour.
You are cold-blooded and may be slowed by cold attacks.


Message History

The ogre is lightly wounded.
Your ball python barely misses the ogre.
The ogre misses you.
You hit the ogre.
The ogre is moderately wounded.
Your ball python barely misses the ogre. x2
The ogre hits you with a giant spiked club!!
Ouch! That really hurt!
* * * LOW HITPOINT WARNING * * *
You barely miss the ogre.
The ogre is moderately wounded.
Your ball python bites the ogre.
Your ball python bites the ogre but does no damage.
Unknown command.
Your ball python bites the ogre. x3
Your ball python bites the ogre but does no damage.
You barely miss the ogre.
The ogre is heavily wounded.
The ogre hits you with a giant spiked club!!
You die...

#...........).....#
#.................#
#.................#
#.........(.......#
#.....)...........#
#.................#
#.................#
#<................#
######@...........#
#OS...........
#.S.....>.....
#.....### #.....#
......# ......#
......# .......#


You could see an ogre and 2 friendly ball pythons.

Vanquished Creatures
  Robin (D:2)
  An adder (D:2)
  An ooze (D:2)
  A worm (D:3)
  2 dart slugs
  An orc (D:3)
  2 ball pythons (D:3)
  4 giant cockroaches
  17 goblins
  15 hobgoblins
  4 jackals
  8 bats
  2 frilled lizards
  9 kobolds
  6 rats
74 creatures vanquished.

Vanquished Creatures (collateral kills)
  Sigmund (D:2)
1 creature vanquished.

Grand Total: 75 creatures vanquished

Notes
Turn   | Place    | Note
-------+----------+-------------------------------------------
     0 | D:1      | Jynx the Draconian Transmuter began the quest for the Orb.
     0 | D:1      | Reached XP level 1. HP: 16/16 MP: 3/3
   352 | D:1      | Reached XP level 2. HP: 18/23 MP: 3/5
   372 | D:1      | Learned a level 2 spell: Sticks to Snakes
  1085 | D:2      | Reached skill level 3 in Transmutations
  1085 | D:2      | Reached XP level 3. HP: 28/28 MP: 4/6
  1090 | D:2      | Learned a level 3 spell: Spider Form
  1121 | D:2      | Noticed Terence
  1362 | D:2      | Noticed Sigmund
  1376 | D:2      | Killed Sigmund
  1376 | D:2      | Reached skill level 1 in Poison Magic
  1376 | D:2      | Reached XP level 4. HP: 16/36 MP: 3/8
  1376 | D:2      | Reached XP level 5. HP: 18/41 MP: 3/9
  1788 | D:2      | Reached skill level 4 in Transmutations
  1973 | D:2      | Noticed Robin
  2419 | D:2      | Killed Robin
  3596 | D:4      | Noticed an ogre
  3606 | D:4      | Mangled by an ogre

Skill      XL: |  1  2  3  4  5 |
---------------+----------------+-----
Transmutations | 3 4 |  4.3
Fighting       | 2 |  2.3
Poison Magic   | 1 |  1.6
Dodging        | |  1.7
Unarmed Combat | |  3.6
Spellcasting   | |  2.9

Action                   |  1- 3 |  4- 6 || total
-------------------------+-------+-------++-------
Melee: Unarmed           |    95 |   128 ||   223
       Kick              |     7 |    13 ||    20
       Tailslap          |     6 |    13 ||    19
       Headbutt          |     4 |     8 ||    12
       Punch             |       |     2 ||     2
 Cast: Beastly Appendage |    17 |    30 ||    47
       Sticks to Snakes  |     2 |     5 ||     7
  Use: Scroll            |     5 |     1 ||     6
  Eat: Chunk             |     1 |     8 ||     9
Armor: Skin              |    28 |    47 ||    75
Dodge: Dodged            |    60 |    87 ||   147
